 Dungeon Crawl Stone Soup version 0.24.1-1-gd1d2a07e1b (webtiles) character file.

Game seed: 1668454687194475073, levelgen mode: deterministic

59 Curus the Cudgeler (level 3, -2/30 HPs)
             Began as a Minotaur Gladiator on Apr 11, 2020.
             Killed from afar by Sigmund (10 damage)
             ... with a magic dart
             ... on level 2 of the Dungeon.
             The game lasted 00:05:38 (663 turns).

Curus the Cudgeler (Minotaur Gladiator)              Turns: 663, Time: 00:05:38

Health: -2/30      AC:  3    Str: 16 (18) XL:     3   Next: 78%
Magic:  2/2        EV: 12    Int:  4 (6)  God:
Gold:   37         SH:  0    Dex:  9 (11) Spells: 2/2 levels left

rFire    . . .     SeeInvis +   a - +0 flail
rCold    . . .     Gourm    .   (no shield)
rNeg     . . .     Faith    .   b - +0 leather armour
rPois    .         Spirit   .   c - +0 hat
rElec    .         Reflect  .   (no cloak)
rCorr    .         Harm     .   (no gloves)
MR       .....                  (no boots)
Stlth    ..........             (no amulet)
HPRegen  0.10/turn              g - ring of see invisible
MPRegen  0.08/turn              (no ring)

@: confused, lethally poisoned (-2 -> -5)
A: retaliatory headbutt, horns 2
a: no special abilities


You were on level 2 of the Dungeon.
You were not hungry.

You visited 1 branch of the dungeon, and saw 2 of its levels.

You collected 37 gold pieces.

Inventory:

Hand Weapons
 a - a +0 flail (weapon)
 h - a +0 mace of protection
Missiles
 d - 4 throwing nets (quivered)
Armour
 b - a +0 leather armour (worn)
 c - a +0 hat (worn)
Jewellery
 g - a ring of see invisible (left hand)
Scrolls
 e - a scroll of identify
Comestibles
 f - 4 rations


   Skills:
 - Level 2.4 Fighting
 + Level 5.8 Maces & Flails
 - Level 2.0 Throwing
 - Level 3.2 Dodging


You had 2 spell levels left.
You didn't know any spells.
Your spell library was empty.

Dungeon Overview and Level Annotations

Branches:
Dungeon (2/15)

Altars:
Ru
Xom

Annotations:
D:2 Sigmund


Innate Abilities, Weirdness & Mutations

You reflexively headbutt those who attack you in melee.
You have a pair of horns on your head.


Message History

You are poisoned.
Throwing (i - inventory)
d - 5 throwing nets (quivered)
Press: ? - help, Shift-Dir - straight line, f - Sigmund
Aim: Sigmund, wielding a +1 scythe of venom and wearing a +0 robe You throw a throwing net.
The throwing net hits Sigmund.
Sigmund is caught in the net!
You feel sick.
You catch the helpless Sigmund completely off-guard!
You sock Sigmund!
Sigmund is moderately wounded.
You feel sick. Sigmund casts a spell at you.
You are confused.
Sigmund struggles against the net.
You bump into the rock wall.
You're too confused to move!
You feel sick.
Sigmund struggles against the net.
You bump into the rock wall.
Sigmund struggles against the net.
You bump into the rock wall.
You feel sick. Sigmund gestures at you while chanting. The magic dart hits you!
You die...

####.####..........
..........#.#######
#.###..###.#
#.###.## #.#
#......# #.#
........#.###.#
####..#^......#
...<.###.#####
####..@@.# #######


You could see Sigmund (caught).

Vanquished Creatures
  Natasha (D:2)
  3 leopard geckos
  5 bats (D:1)
  4 goblins (D:1)
  3 hobgoblins (D:1)
  3 jackals (D:2)
  2 frilled lizards (D:1)
  4 kobolds
  6 rats
31 creatures vanquished.

Notes
Turn   | Place    | Note
-------+----------+-------------------------------------------
     0 | D:1      | Curus the Minotaur Gladiator began the quest for the Orb.
     0 | D:1      | Reached XP level 1. HP: 18/18 MP: 0/0
    10 | D:1      | Reached skill level 4 in Maces & Flails
    81 | D:1      | Reached XP level 2. HP: 19/25 MP: 1/1
   394 | D:1      | Reached skill level 5 in Maces & Flails
   456 | D:2      | Found a sacrificial altar of Ru.
   527 | D:2      | Reached XP level 3. HP: 30/30 MP: 2/2
   570 | D:2      | Noticed Natasha
   576 | D:2      | Killed Natasha
   619 | D:2      | Found a shimmering altar of Xom.
   655 | D:2      | Noticed Sigmund
   663 | D:2      | Killed from afar by Sigmund

Levels and vault maps discovered:
D:1:      minmay_arrival_up_and_down, layout_rooms
D:2:      layout_loops_ring, old_standard_altar, first_ration,
          nicolae_ru_awakened_eye, uniq_natasha, uniq_sigmund

Skill      XL: |  1  2 |
---------------+-------+-----
Maces & Flails | 4 5 |  5.8
Fighting       | |  2.4
Throwing       | |  2.0
Dodging        | |  3.2

Action                   || total
-------------------------++-------
Melee: Flail             ||    76
       Headbutt          ||     2
Throw: Throwing net      ||     1
  Use: Scroll            ||     2
       Potion            ||     1
 Stab: Held in net/web   ||     1
Armor: Leather armour    ||    19
Dodge: Dodged            ||    50
